 Dungeon Crawl Stone Soup version 0.25.0-10-g039870e (webtiles) character file.

Game seed: 6059867027018020876

79352 Brutalitops the Carver (level 15, -9/161 HPs)
             Began as an Ogre Enchanter on June 22, 2020.
             Was the Champion of the Shining One.
             Killed from afar by a hellion (16 damage)
             ... with damnation
             ... on level 2 of the Abyss.
             The game lasted 01:51:31 (31333 turns).

Brutalitops the Carver (Ogre Enchanter)            Turns: 31333, Time: 01:51:33

Health: -9/161     AC:  7    Str: 21    XL:     15   Next: 63%
Magic:  22/22      EV: 16    Int: 18    God:    the Shining One [******]
Gold:   1829       SH:  5    Dex: 12    Spells: 10/22 levels left

rFire    . . .     SeeInvis +   a - +9 triple sword (holy)
rCold    . . .     Gourm    .   (shield currently unavailable)
rNeg     + + +     Faith    .   K - +0 troll leather armour
rPois    +         Spirit   .   H - +2 hat {SInv}
rElec    +         Reflect  +   i - scarf {repulsion}
rCorr    .         Harm     .   (gloves unavailable)
MR       ++...                  (boots unavailable)
Stlth    +.........             h - amulet "Hoqalag" {Reflect rElec MR+ SH+5}
HPRegen  0.76/turn              N - ring of poison resistance
MPRegen  0.18/turn              Q - ring "Foiw" {EV+4 Str+2 Dex+3 SInv}

@: lethally poisoned (-9 -> -9), about to teleport, glowing, repel missiles
A: large, unfitting armour, tough skin 1
a: Divine Shield, Cleansing Flame, Summon Divine Warrior, Renounce Religion


You were on level 2 of the Abyss.
You worshipped the Shining One.
The Shining One was exalted by your worship.
You were not hungry.

You visited 4 branches of the dungeon, and saw 23 of its levels.
You visited the Abyss 1 time.

You collected 2837 gold pieces.
You spent 1008 gold pieces at shops.

Inventory:

Hand Weapons
 a - a +9 triple sword of holy wrath (weapon)
 b - the +6 hunting sling "Spiderslayer" {venom, MP+9 Int+9 Dex+2 Stlth-}
   (You found it on level 5 of the Dungeon)

   It poisons the ammo it fires.
   It affects your intelligence (+9).
   It affects your dexterity (+2).
   It affects your magic capacity (+9).
   It makes you less stealthy.
 t - a +2 arbalest of freezing
 u - a +2 great sword of venom
 E - a +2 scimitar of flaming
 I - a cursed +4 scimitar of freezing
 Y - a +0 fustibalus
Missiles
 g - 27 sling bullets
 q - 472 stones (quivered)
 D - 53 bolts
Armour
 i - a scarf of repulsion (worn)
 p - a +2 robe of fire resistance
 y - a +0 cloak
 H - a +2 hat of see invisible (worn)
 K - a +0 troll leather armour (worn)
Jewellery
 h - the amulet "Hoqalag" (around neck) {Reflect rElec MR+ SH+5}
   (You bought it in a shop on level 5 of the Dungeon)

   [amulet of reflection]

   It shields you and reflects attacks.
   It insulates you from electricity.
   It affects your resistance to hostile enchantments.
   It affects your SH (+5).
 z - the ring of Impatience {+Blink rN+ SInv Stlth-}
   (You found it on level 6 of the Dungeon)

   [ring of attention]

   It protects you from negative energy.
   It lets you see invisible.
   It lets you blink.
   It makes you less stealthy.
 A - a +4 ring of slaying
 B - an uncursed ring of protection from magic
 M - an uncursed ring of protection from fire
 N - a ring of poison resistance (left hand)
 Q - the ring "Foiw" (right hand) {EV+4 Str+2 Dex+3 SInv}
   (You found it on level 14 of the Dungeon)

   [ring of evasion]

   It affects your evasion (+4).
   It affects your strength (+2).
   It affects your dexterity (+3).
   It lets you see invisible.
 T - an uncursed ring of protection from magic
 Z - the amulet "Zuutwimm" {Acrobat rC+ Str+3 Int+7 Dex-2}
   (You found it on level 6 of the Lair of Beasts)

   [amulet of the acrobat]

   It helps you evade while moving and waiting.
   It affects your strength (+3).
   It affects your intelligence (+7).
   It affects your dexterity (-2).
   It protects you from cold.
Wands
 c - a wand of digging (4)
 k - a wand of acid (8)
 G - a wand of enslavement (18)
 U - a wand of disintegration (12)
 X - a wand of iceblast (7)
Scrolls
 r - 2 scrolls of magic mapping
 s - 11 scrolls of remove curse
 v - a scroll of enchant armour
 w - 2 scrolls of blinking
 x - a scroll of teleportation
 C - 2 scrolls of silence
 O - 2 scrolls of fear
 P - a scroll of amnesia
 W - a scroll of summoning
Potions
 e - 2 potions of berserk rage
 f - a potion of ambrosia
 j - 2 potions of might
 l - 7 potions of curing
 m - 3 potions of lignification
 n - 2 potions of brilliance
 o - a potion of mutation
 F - 3 potions of haste
 L - 3 potions of flight
 S - a potion of resistance
Comestibles
 d - 35 rations


   Skills:
 + Level 13.2 Fighting
   Level 2.8(10.2) Short Blades
 * Level 14.6(14.7) Long Blades
 + Level 10.3 Slings
 + Level 3.8 Armour
 + Level 5.6 Dodging
 - Level 4.6 Stealth
 + Level 4.2 Spellcasting
 + Level 3.7 Hexes
 + Level 2.1 Ice Magic
 + Level 10.4 Invocations


You had 10 spell levels left.
You knew the following spells:

 Your Spells              Type           Power        Failure   Level  Hunger
a - Corona                Hex            ###....      3%          1    None
b - Ensorcelled Hibernat  Hex/Ice        ##....       8%          2    ##.....
c - Tukima's Dance        Hex            ###.....     11%         3    ###....
d - Confusing Touch       Hex            ###.....     11%         3    ###....
e - Call Canine Familiar  Summ           #.......     45%         3    ###....

Your spell library contained the following spells:

 Spells                   Type           Power        Failure   Level  Hunger
 Beastly Appendage        Tmut           #.....       17%         1    None
 Foxfire                  Conj/Fire      #...         17%         1    None
 Sting                    Tmut/Pois      #...         17%         1    None
 Summon Small Mammal      Summ           #...         17%         1    None
 Dazzling Flash           Conj/Hex       ##....       22%         3    ###....
 Summon Guardian Golem    Hex/Summ       ##......     22%         3    ###....
 Call Imp                 Summ           #.......     26%         2    ##.....
 Poisonous Vapours        Pois/Air       #.....       26%         2    ##.....
 Sticks to Snakes         Tmut           #.......     26%         2    ##.....
 Cause Fear               Hex            ###.......   34%         4    ####...
 Gell's Gravitas          Tloc           #.........   45%         3    ###....
 Ignite Poison            Fire/Tmut/Pois #.......     45%         3    ###....
 Mephitic Cloud           Conj/Pois/Air  #.......     45%         3    ###....
 Spider Form              Tmut/Pois      #.........   45%         3    ###....
 Ice Form                 Ice/Tmut       #.......     71%         4    ####...
 Summon Ice Beast         Ice/Summ       #.......     71%         4    ####...
 Metabolic Englaciation   Hex/Ice        ##........   80%         5    ######.
 Olgreb's Toxic Radiance  Pois           #.......     86%         4    ####...
 Petrify                  Tmut/Erth      #.......     86%         4    ####...
 Summon Lightning Spire   Summ/Air       #.......     86%         4    ####...
 Silence                  Hex/Air        ##........   91%         5    ######.
 Yara's Violent Unravell  Hex/Tmut       ##........   91%         5    ######.
 Blade Hands              Tmut           #.........   99%         5    ######.
 Borgnjor's Vile Clutch   Necr/Erth      #.........   99%         5    ######.
 Darkness                 Hex            ###.......   99%         6    #######
 Conjure Ball Lightning   Conj/Air       #.........   100%        6    #######
 Shadow Creatures         Summ           N/A          100%        6    #######
 Dragon Form              Tmut           #.........   100%        7    #######
 Dragon's Call            Summ           #.........   100%        9    #######
 Tornado                  Air            #.........   100%        9    #######


Dungeon Overview and Level Annotations

Branches:
Dungeon (14/15)            Temple (1/1) D:6            Lair (6/6) D:11
 Shoals (0/4) Lair:4        Snake (0/4) Lair:2        Slime (0/5) Lair:5
    Orc (2/2) D:11            Elf (0/3) Orc:2
 Vaults: D:13-14

Altars:
Ashenzari
Cheibriados
Dithmenos
Elyvilon
Fedhas
Gozag
Hepliaklqana
Kikubaaqudgha
Makhleb
Nemelex Xobeh
Okawaru
Qazlal
Ru
Sif Muna
Trog
Uskayaw
Vehumet
Wu Jian
Xom
Yredelemnul
Zin
The Shining One
Beogh
Jiyva

Shops:
D:5 =   D:7 *   Orc:1 [   Orc:2 =!%!

Portals:
Trove: D:12 (give +2 gold dragon scales)


Innate Abilities, Weirdness & Mutations

You are too large for most types of armour.
You have tough skin. (AC +1)


Message History

* * * LOW HITPOINT WARNING * * *
You hear a chilling moan.
You hit the small abomination but do no damage.
The small abomination hits you but does no damage.
You slice the small abomination!!
You destroy the small abomination!
The Shining One accepts your kill.
You feel better.
You feel sick.
You feel yourself growing ill in the presence of the ancient zyme.
The hellion gestures at you.
The sphere of damnation explodes!
The damnation engulfs you!!
* * * LOW HITPOINT WARNING * * *
Okay, then.
As you read the scroll of teleportation, it crumbles to dust.
You feel strangely unstable.
You feel the power of the Abyss delaying your translocation!
You feel sick. The hellion gestures at you.
The sphere of damnation explodes!
The damnation engulfs you!
You die...

## # ...# .# # .
####... . .#.. #..
.##......°.# #...#.#.
#.#.##. ...°#○#
.....#..## #....#..○
##. #.#.... .##..#.
.≈#. ○## #......
.#.....2○.# ##○
.......##.#.#..R ###..
#
.......@..#..$......#.
####.##..2#.#....##..
.# . .....#x......#
#.. .#.#####.....# #
... .. #..##.#.... ##
.# #2.... #.#...
#..#.# .. ## ...# .#
#.. ##.# .. .#.


You could see an ancient zyme and a hellion.

Vanquished Creatures
  Gastronok (Lair:1)
  The ghost of Wemm the Imperceptible, a journeyman SpEn of Gozag (D:13)
  Josephine (D:14)
  Harold (D:10)
  6 hydras
  Erica (D:8)
  3 catoblepae (Lair:6)
  12 death yaks
  3 tengu warriors
  3 two-headed ogres
  6 orc high priests
  2 thrashing horrors (Abyss:2)
  7 skeletal warriors
  An unseen horror (D:14)
  4 orc knights
  2 ugly things
  A deep elf mage (D:11)
  An orc sorcerer (Orc:1)
  A cyclops (D:12)
  4 manticores
  A merfolk siren (Lair:4)
  2 elephants (Lair:4)
  5 black mambas
  9 spiny frogs
  A yaktaur (D:13)
  7 komodo dragons
  5 rime drakes
  An ancient zyme (Abyss:2)
  2 tengu conjurers
  2 merfolk (Lair:4)
  7 trolls
  Prince Ribbit (D:5)
  A hornet (D:10)
  A hornet (shapeshifter) (D:13)
  A raiju (shapeshifter) (D:13)
  4 slime creatures (D:9)
  8 hippogriffs
  13 blink frogs
  4 shadows
  5 wraiths
  A water elemental (D:11)
  56 yaks
  A wyvern (D:12)
  Eustachio (D:5)
  4 basilisks
  A steam dragon (Lair:6)
  A warg (Orc:1)
  A hell hound (Abyss:2)
  11 porcupines
  10 water moccasins
  An ice beast (D:8)
  2 swamp drakes (Lair:6)
  2 hornet zombies
  38 orc warriors
  3 black bears
  A sky beast (D:8)
  8 ogres
  5 wolves
  2 phantoms (D:9)
  7 centaurs
  13 crocodiles
  4 big kobolds
  19 bullfrogs
  Blork the orc (D:5)
  3 gnoll sergeants
  2 small abominations (Abyss:2)
  3 scorpions
  23 wights
  3 howler monkeys (D:8)
  14 electric eels
  4 crimson imps
  3 centaur zombies
  10 hounds
  2 quasits
  A centaur skeleton (D:7)
  29 orc priests
  4 jellies
  13 orc wizards
  3 bullfrog skeletons
  5 iguanas
  Natasha (D:3)
  8 worker ants
  A hound skeleton (D:4)
  A worker ant zombie (D:8)
  7 gnolls
  14 adders
  2 shadow imps
  2 adder skeletons (D:8)
  4 worms
  2 dart slugs
  3 leopard geckos
  94 orcs
  3 giant cockroaches
  5 goblins
  3 hobgoblins
  6 jackals
  2 quokkas
  5 bats
  4 frilled lizards
  A jackal skeleton (D:9)
  24 kobolds
  2 leopard gecko skeletons
  A quokka zombie (D:7)
  4 rats
  A fungus (Lair:1)
656 creatures vanquished.

Vanquished Creatures (others)
  An orc (D:11)
  21 fungi
  11 plants
  2 starspawn tentacles (Abyss:2)
35 creatures vanquished.

Grand Total: 691 creatures vanquished

Notes
Turn   | Place    | Note
-------+----------+-------------------------------------------
     0 | D:1      | Brutalitops the Ogre Enchanter began the quest for the Orb.
     0 | D:1      | Reached XP level 1. HP: 16/16 MP: 3/3
   227 | D:1      | Reached skill level 1 in Fighting
   342 | D:1      | Reached XP level 2. HP: 27/27 MP: 5/5
   416 | D:1      | Learned a level 2 spell: Ensorcelled Hibernation
  1091 | D:2      | Reached skill level 1 in Short Blades
  1091 | D:2      | Reached XP level 3. HP: 9/33 MP: 1/7
  1688 | D:2      | Found a white marble altar of Elyvilon.
  1823 | D:2      | Reached XP level 4. HP: 39/41 MP: 5/8
  2125 | D:2      | You fall into a shaft and drop 2 floors!
  2564 | D:3      | Noticed Natasha
  2575 | D:3      | Killed Natasha
  2852 | D:3      | Reached XP level 5. HP: 38/49 MP: 4/9
  3078 | D:3      | Found an ornate altar of the Wu Jian Council.
  3730 | D:4      | Reached XP level 6. HP: 57/57 MP: 10/10
  3736 | D:4      | Reached skill level 1 in Ice Magic
  4162 | D:4      | Learned a level 3 spell: Tukima's Dance
  4202 | D:4      | Found a stormy altar of Qazlal.
  4290 | D:5      | Entered Level 5 of the Dungeon
  4292 | D:5      | Got an encrusted hunting sling
  4293 | D:5      | Identified the +6 hunting sling "Spiderslayer" {venom, MP+9
                  | Int+9 Dex+2 Stlth-} (You found it on level 5 of the
                  | Dungeon)
  4834 | D:5      | Noticed Prince Ribbit
  4854 | D:5      | Killed Prince Ribbit
  4854 | D:5      | Reached XP level 7. HP: 30/66 MP: 11/13
  5131 | D:5      | Noticed Blork the orc
  5185 | D:5      | HP: 2/66 [gnoll sergeant/+0 trident (12)]
  5259 | D:5      | Noticed Eustachio
  5277 | D:5      | Killed Blork the orc
  5596 | D:5      | Reached skill level 1 in Slings
  5596 | D:5      | Reached XP level 8. HP: 36/75 MP: 14/14
  5618 | D:5      | Killed Eustachio
  5669 | D:5      | Learned a level 3 spell: Confusing Touch
  6187 | D:5      | Found Cipel's Jewellery Boutique.
  6808 | D:6      | Reached skill level 1 in Long Blades
  7064 | D:6      | Found a sparkling altar of Nemelex Xobeh.
  7221 | D:6      | Got a crude lapis lazuli ring
  7243 | D:6      | Found a staircase to the Ecumenical Temple.
  7278 | Temple   | Entered the Ecumenical Temple
  7422 | Temple   | Became a worshipper of the Shining One
  8015 | D:6      | Identified the ring of Impatience {+Blink rN+ SInv Stlth-}
                  | (You found it on level 6 of the Dungeon)
  8627 | D:7      | Found a blossoming altar of Fedhas.
  8666 | D:7      | Reached skill level 2 in Long Blades
  8742 | D:7      | Reached XP level 9. HP: 85/85 MP: 15/15
  9123 | D:7      | Found an opulent altar of Gozag.
  9123 | D:7      | Reached * piety under the Shining One
  9138 | D:7      | Reached skill level 3 in Long Blades
  9404 | D:7      | Found Gozag's Platinum Reserve.
  9757 | D:7      | Found a glowing silver altar of Zin.
  9904 | D:8      | Reached skill level 4 in Long Blades
  9980 | D:8      | Noticed a two-headed ogre
  9988 | D:8      | Killed a two-headed ogre
  9988 | D:8      | Reached skill level 5 in Fighting
  9988 | D:8      | Reached skill level 5 in Long Blades
  9988 | D:8      | Reached skill level 1 in Invocations
  9991 | D:8      | Reached ** piety under the Shining One
 10303 | D:8      | Noticed Erica
 10325 | D:8      | Reached XP level 10. HP: 98/98 MP: 16/16
 10338 | D:8      | Killed Erica
 10338 | D:8      | Reached skill level 6 in Long Blades
 10338 | D:8      | Reached skill level 5 in Slings
 10538 | D:8      | Noticed a tengu warrior
 10558 | D:8      | Killed a tengu warrior
 11866 | D:9      | Reached skill level 7 in Long Blades
 12201 | D:9      | Reached XP level 11. HP: 88/109 MP: 17/17
 12351 | D:9      | Found a bloodstained altar of Trog.
 12351 | D:9      | Found a hazy altar of Hepliaklqana.
 12392 | D:9      | Reached skill level 8 in Long Blades
 12560 | D:9      | Identified a scroll of acquirement
 12744 | D:10     | Entered Level 10 of the Dungeon
 12768 | D:10     | Reached *** piety under the Shining One
 12919 | D:10     | Reached skill level 5 in Invocations
 13337 | D:10     | Noticed Harold
 13344 | D:10     | Killed Harold
 13414 | D:10     | Learned a level 3 spell: Call Canine Familiar
 13817 | D:10     | You fall into a shaft and drop 1 floor!
 14356 | D:11     | Noticed a manticore
 14366 | D:11     | Killed a manticore
 14448 | D:11     | Noticed a six-headed hydra
 14455 | D:11     | Killed a three-headed hydra
 14455 | D:11     | Reached skill level 1 in Armour
 14668 | D:5      | Bought the amulet "Hoqalag" {Reflect rElec MR+ SH+5} for
                  | 744 gold pieces
 14796 | D:11     | Reached skill level 9 in Long Blades
 14976 | D:11     | Found a staircase to the Lair.
 15086 | D:11     | Noticed a deep elf mage
 15095 | D:11     | Killed a deep elf mage
 15481 | D:11     | Noticed a two-headed ogre
 15487 | D:11     | Killed a two-headed ogre
 15487 | D:11     | Reached XP level 12. HP: 122/122 MP: 18/18
 15813 | D:11     | Found a staircase to the Orcish Mines.
 16365 | Lair:1   | Entered Level 1 of the Lair of Beasts
 16372 | Lair:1   | Reached skill level 10 in Long Blades
 16453 | Lair:1   | Noticed an eight-headed hydra
 16460 | Lair:1   | Killed a five-headed hydra
 16697 | Lair:1   | Noticed Gastronok
 16713 | Lair:1   | Killed Gastronok
 17460 | Lair:2   | Found a staircase to the Snake Pit.
 17582 | Lair:2   | Noticed a five-headed hydra
 17596 | Lair:2   | Killed a three-headed hydra
 17810 | Lair:2   | Reached skill level 5 in Dodging
 17913 | Lair:2   | Reached XP level 13. HP: 133/133 MP: 19/19
 18018 | Lair:2   | Reached **** piety under the Shining One
 18026 | Lair:2   | Reached skill level 11 in Long Blades
 18313 | Lair:2   | Reached skill level 10 in Fighting
 20622 | Lair:4   | Reached skill level 12 in Long Blades
 21354 | Lair:4   | Found a staircase to the Shoals.
 22313 | Lair:5   | Found a viscous altar of Jiyva.
 22313 | Lair:5   | Found a staircase to the Slime Pits.
 22385 | Lair:5   | Reached XP level 14. HP: 146/146 MP: 20/20
 22827 | Lair:6   | Entered Level 6 of the Lair of Beasts
 23381 | Lair:6   | Reached skill level 13 in Long Blades
 24684 | Lair:6   | Reached ***** piety under the Shining One
 24904 | Lair:6   | Got a shimmering ruby amulet
 24908 | Lair:6   | Identified the amulet "Zuutwimm" {Acrobat rC+ Str+3 Int+7
                  | Dex-2} (You found it on level 6 of the Lair of Beasts)
 25083 | Orc:1    | Entered Level 1 of the Orcish Mines
 25248 | Orc:1    | Found a roughly hewn altar of Beogh.
 25553 | Orc:1    | Found Qoyrill's Antique Armour Emporium.
 25561 | Orc:1    | Bought a glowing scarf for 264 gold pieces
 25635 | Orc:2    | Entered Level 2 of the Orcish Mines
 25794 | Orc:2    | Reached skill level 10 in Invocations
 25858 | Orc:2    | Found a staircase to the Elven Halls.
 27418 | Orc:2    | Reached XP level 15. HP: 157/157 MP: 22/22
 27743 | Orc:2    | Found Nukaepn's Distillery.
 27746 | Orc:2    | Found Vacomuij's Food Shoppe.
 27747 | Orc:2    | Found Upawk's Jewellery Emporium.
 27748 | Orc:2    | Found Wyqos's Distillery.
 28008 | D:12     | Reached ****** piety under the Shining One
 28009 | D:12     | Identified a +9 triple sword of holy wrath (a +7 triple
                  | sword of protection blessed by the Shining One)
 28009 | D:12     | Received a gift from the Shining One
 28165 | D:12     | Found a portal to a secret trove of treasure.
 28268 | D:12     | Reached skill level 14 in Long Blades
 29264 | D:13     | Reached skill level 10 in Slings
 29518 | D:13     | Found a runed translucent gate.
 29518 | D:13     | Found a runed translucent gate.
 29519 | D:13     | Found a runed translucent gate.
 29522 | D:13     | Noticed Wemm's ghost (journeyman SpEn)
 30447 | D:13     | Killed Wemm's ghost
 30704 | D:14     | Got a faintly glowing brass ring
 30705 | D:14     | Identified the ring "Foiw" {EV+4 Str+2 Dex+3 SInv} (You
                  | found it on level 14 of the Dungeon)
 31144 | D:14     | Found a glowing golden altar of the Shining One.
 31144 | D:14     | Noticed Josephine
 31162 | D:14     | Killed Josephine
 31166 | D:14     | Cast into level 2 of the Abyss (a wizard)
 31187 | Abyss:2  | Noticed a tentacled starspawn
 31209 | Abyss:2  | HP: 1/161 [disintegration (22)]
 31330 | Abyss:2  | HP: 6/161 [hellion/damnation (19)]
 31333 | Abyss:2  | Killed from afar by a hellion

Illustrated notes

Levels and vault maps discovered:
D:1:      elethiomel_arrival_quiet, layout_basic
D:2:      layout_loops_corners, elyvilon_altar_3
D:3:      layout_loops_ring, lemuel_crystal_altar, serial_glass,
          glass_columns_a, glass_columns_a, ebering_dispersal_statue_hall,
          uniq_natasha
D:4:      layout_cave_pools, grunt_qazlal_clouds
D:5:      layout_basic, first_ration, serial_shops, shop, sword_in_stone,
          uniq_prince_ribbit1, uniq_eustachio
D:6:      layout_basic, lemuel_crystal_altar, minmay_temple_entry_ruins,
          chequers_big_river
D:7:      kennysheep_six_static_rooms, layout_loops_ring, fedhas_altar_1,
          zin_treasury, nicolae_gozag_zags_fifth_avenue
D:8:      layout_basic, minmay_crystal_room, uniq_erica
D:9:      layout_roguey, gammafunk_temple_overflow_statue, grunt_ogre_cave,
          fountainhead
D:10:     layout_basic, uniq_harold
D:11:     layout_loops_corners, erik_lair_island
D:12:     layout_stronghold, enter_trove_0
D:13:     layout_roguey, gammafunk_ghost_split
D:14:     layout_roguey, david_vaults_4, minmay_misc_feat_five, basic_altar,
          uniq_josephine
Temple:   regret_index_temple_sphere_string
Lair:1:   layout_chaotic_city, uniq_gastronok
Lair:2:   layout_regular_city, dummy_snake_entry, lemuel_fruit_tree
Lair:3:   layout_cave_pods, minmay_stone_trees_small,
          infiniplex_staircase_pool_2, serial_bayou_shore_b
Lair:4:   layout_regular_city, elwin_shoals_entry_rooms, beast_lair_carwin_11
Lair:5:   layout_regular_city, dpeg_slime_entry_enclosed_altar,
          serial_bayou_pond_c, chequers_serial_rivers_micro_b,
          chequers_serial_rivers_micro_c, grunt_megastairs_3,
          infiniplex_staircase_pool
Lair:6:   evilmike_catoblepas_cave, layout_loops_ring, minivault_25,
          guppyfry_lair_drakes, lemuel_fruit_fields
Orc:1:    layout_caves, serial_shops,
          nicolae_shop_temple_entry_statues_fountains, basic_altar
Orc:2:    st_orc_pillars, layout_diamond_mine
Abyss:2:  base:
Temple

Skill      XL: |  1  2  3  4  5  6  7  8  9 10 11 12 13 14 15 |
---------------+----------------------------------------------+-----
Fighting       | 1 2 3 4 5 7 8 9 11 12 13 | 13.2
Short Blades   | 1 2 |  2.8
Hexes          | 3 |  3.7
Spellcasting   | 3 4 |  4.2
Dodging        | 2 3 4 5 |  5.6
Stealth        | 3 4 |  4.6
Ice Magic      | 1 2 |  2.1
Slings         | 1 3 4 6 7 8 9 10 | 10.3
Long Blades    | 2 5 7 9 10 12 13 14 | 14.6
Invocations    | 2 4 6 7 9 10 | 10.4
Armour         | 1 2 3 |  3.8

Action                   |  1- 3 |  4- 6 |  7- 9 | 10-12 | 13-15 || total
-------------------------+-------+-------+-------+-------+-------++-------
Melee: Dagger            |    64 |   123 |    32 |       |       ||   219
       Triple sword      |       |       |    57 |   193 |   407 ||   657
       Scimitar          |       |       |       |    11 |     9 ||    20
 Fire: Hunting sling     |       |     4 |   146 |   379 |   818 ||  1347
 Cast: Corona            |     3 |     1 |       |       |       ||     4
       Ensorcelled Hiber |    10 |    27 |       |       |       ||    37
Invok: Brand Weapon With |       |       |       |       |     1 ||     1
Evoke: Wand              |       |       |     1 |       |     2 ||     3
  Use: Scroll            |     2 |     7 |     5 |    17 |    18 ||    49
       Potion            |     2 |     1 |     3 |     2 |     3 ||    11
 Stab: Sleeping          |    18 |    29 |       |       |       ||    47
  Eat: Chunk             |     3 |     9 |     2 |    17 |    26 ||    57
       Ration            |       |     1 |     4 |     2 |     5 ||    12
Armor: Robe              |    21 |    24 |    35 |    32 |       ||   112
       Skin              |     5 |     6 |       |       |       ||    11
       Troll leather arm |       |       |       |    66 |   152 ||   218
Dodge: Dodged            |    25 |    45 |    75 |   139 |   238 ||   522
       Repelled          |       |       |       |       |    17 ||    17
Block: Other             |       |       |       |    24 |   103 ||   127
       Reflection        |       |       |       |     3 |     7 ||    10
       Rpst.: Triple sword |       |       |     7 |    31 |    61 ||    99
       Scimitar          |       |       |       |     1 |       ||     1
